 Dungeon Crawl Stone Soup version 0.28.0 (webtiles) character file.

Game seed: 1004482868412788570

30 a3don the Ducker (level 3, 0/25 HPs)
             Began as a Djinni Hedge Wizard on Feb 15, 2022.
             Slain by an orc (6 damage)
             ... on level 2 of the Dungeon.
             The game lasted 00:02:01 (1323 turns).

a3don the Ducker (Djinni Hedge Wizard)              Turns: 1323, Time: 00:02:02

Health: 0/25       AC:  2    Str:  9    XL:     3   Next: 37%
Gold:   42         EV: 12    Int: 17    God:
                   SH:  5    Dex: 12

rFire   + + .      SeeInvis +   a - +0 dagger
rCold   x . .      Faith    .   (no shield)
rNeg    . . .      Spirit   .   b - +0 robe
rPois   ∞          Reflect  +   c - +0 hat
rElec   .          Harm     .   (no cloak)
rCorr   .          Rampage  .   (no gloves)
Will    .....                   (boots unavailable)
Stlth   ++........              h - amulet of reflection
HPRegen 0.08/turn               f - ring of see invisible
MPRegen 0.00/turn               (no ring)

@: on blink cooldown, flying, very slightly contaminated
A: sickness immunity, fire resistance 2, cold vulnerability 1, float, innate
caster, HP casting, extra vitality 1
a: no special abilities


You were on level 2 of the Dungeon.
You visited 1 branch of the dungeon, and saw 2 of its levels.

You collected 42 gold pieces.

Inventory:

Hand Weapons
 a - a +0 dagger (weapon)
Armour
 b - a +0 robe (worn)
 c - a +0 hat (worn)
 i - an orb of energy
Jewellery
 f - a ring of see invisible (left hand)
 h - an amulet of reflection (around neck)
Scrolls
 d - 2 scrolls of vulnerability {unknown}
 e - a scroll of enchant armour {unknown}
Potions
 g - a potion of attraction {unknown}


   Skills:
 + Level 2.9 Dodging
 + Level 2.2 Stealth
 + Level 2.7 Spellcasting


You couldn't memorise any spells.
You knew the following spells:

 Your Spells              Type           Power      Damage    Failure   Level
a - Magic Dart            Conj           44%        1d5       6%          1
b - Blink                 Tloc           22%        N/A       9%          2
c - Call Imp              Summ           11%        N/A       9%          2
d - Slow                  Hex            44%        N/A       6%          1
e - Conjure Flame         Conj/Fire      11%        6-21      17%         3
f - Mephitic Cloud        Conj/Pois/Air  11%        N/A       17%         3
g - Shock                 Conj/Air       44%        1d5       6%          1
Your spell library was empty.

Dungeon Overview and Level Annotations

Branches:
Dungeon (2/15)

Altars:
Wu Jian


Innate Abilities, Weirdness & Mutations

You are immune to sickness and miasma.
You are immune to poison.
Your flesh is very heat resistant. (rF++)
You are vulnerable to cold. (rC-)
You float through the air rather than walking.
You learn spells naturally, not from books.
Your magical power is your life essence.
You have superior vitality. (+4 MHP)


Message History

The adder dies!
The orc misses your white imp.
You have reached level 3!
Your experience leads to an increase in your attributes!
Increase (S)trength, (I)ntelligence, or (D)exterity?
You feel clever. x2
The power to cast Shock wells up from within.
Spell assigned to 'g'.
What are your orders? t - Shout!
Orders for allies: a - Attack new target. r - Retreat! s - Stop attacking. g - Guard the area. f - Follow me.
Anything else - Cancel.
Gang up on whom?
Press: ? - help, Dir - move target, f - orc
Aim: an orc, wielding a +0 club Attack!
Your white imp hits the orc.
Your white imp freezes the orc.
The orc dies!
Your white imp disappears in a puff of smoke!
What are your orders? t - Shout!
Orders for allies: a - Attack new target. r - Retreat! s - Stop attacking. g - Guard the area. f - Follow me.
Anything else - Cancel.
Okay, then.
Casting: Slow (safe; 6% risk of failure)
Confirm with . or Enter, or press ? or * to list all spells.
You miscast Blink.
You are very lightly contaminated with residual magic.
Nothing appears to happen.
* * * LOW HITPOINT WARNING * * *
A frilled lizard comes into view.
Casting: Blink (safe; 9% risk of failure)
Confirm with . or Enter, or press ? or * to list all spells.
You blink.
* * * LOW HITPOINT WARNING * * *
The orc hits you with a +0 short sword of venom.
You die...

#.# #.# .# #.# #.# #.#####
##.# #$.... ..!# #...# #..#
##########...######..######
l...$..§...o.....[.........
########..@........).### #.
#.......#####.# #.
###...### #.# #. #...#
#.#####. ##.## #.o...o. #.#
#######. #.# #. .# #. ##.


You could see an orc.

Vanquished Creatures
  A dart slug (D:1)
  A bat (D:1)
  An endoplasm (D:2)
  A giant cockroach (D:1)
  4 hobgoblins
  A quokka (D:1)
  A ball python (D:1)
  A goblin (D:1)
  2 rats (D:1)
13 creatures vanquished.

Vanquished Creatures (collateral kills)
  An adder (D:2)
  2 orcs (D:2)
3 creatures vanquished.

Grand Total: 16 creatures vanquished

Notes
Turn   | Place    | Note
-------+----------+-------------------------------------------
     0 | D:1      | a3don the Djinni Hedge Wizard began the quest for the Orb.
     0 | D:1      | Reached XP level 1. HP: 15/15 MP: 0/0
    13 | D:1      | Found an ornate altar of the Wu Jian Council.
   723 | D:1      | Reached XP level 2. HP: 18/21 MP: 0/0
  1317 | D:2      | Reached XP level 3. HP: 9/25 MP: 0/0
  1317 | D:2      | Learned a level 1 spell: Shock
  1323 | D:2      | Slain by an orc

Illustrated notes

Levels and vault maps discovered:
D:1:      dpeg_arrival_lava_altar, layout_rooms, item_on_display_a
D:2:      layout_loops_ring

Skill      XL: |  1  2 |
---------------+-------+-----
Stealth        | 2 |  2.2
Dodging        | |  2.9
Spellcasting   | |  2.7

Action                   || total
-------------------------++-------
Melee: Dagger            ||     5
 Cast: Magic Dart        ||    45
       Slow              ||     3
       Call Imp          ||     1
       Blink             ||     1
Armor: Robe              ||     5
Dodge: Dodged            ||    17
Block: Other             ||     2
